 Dungeon Crawl Stone Soup version 0.31.0-12-g77e489cdc1 (webtiles) character file.

Game seed: 11224231951640748180

693 sking99 the Digger (level 7, 0/51 HPs)
             Began as a Gnoll Earth Elementalist on Feb 23, 2024.
             Was a Follower of Kikubaaqudgha.
             Slain by a kobold
             ... wielding a +0 short sword
              (3 damage)
             ... on level 5 of the Dungeon.
             The game lasted 00:10:16 (4815 turns).

sking99 the Digger (Gnoll Earth Elementalist)       Turns: 4815, Time: 00:10:16

Health: 0/51       AC:  3    Str:  9    XL:     7   Next: 64%
Magic:  8/15       EV: 14    Int: 14    God:    Kikubaaqudgha [*.....]
Gold:   227        SH:  0    Dex: 13    Spells: 6/17 levels left

rFire   . . .        c - +0 spear
rCold   . . .        (no shield)
rNeg    . . .        a - +0 robe
rPois   .            (no helmet)
rElec   .            (no cloak)
rCorr   +            d - +0 pair of gloves
SInv    .            (no boots)
Will    .....        (no amulet)
Stlth   +++          i - ring of resist corrosion
HPRegen 0.28/turn    n - ring of flight
MPRegen 0.14/turn

%: no passive effects
@: brilliant, lethally poisoned (0 -> -3), flying, slowed, very slow
A: fangs 1, strong nose, distributed training
a: Renounce Religion, Unearth Wretches


You were on level 5 of the Dungeon.
You worshipped Kikubaaqudgha.
Kikubaaqudgha was aware of your devotion.
You visited 1 branch of the dungeon, and saw 5 of its levels.

You collected 227 gold pieces.

Inventory:

Hand Weapons
 c - a +0 spear (weapon)
Armour
 a - a +0 robe (worn)
 d - a +0 pair of gloves (worn)
Jewellery
 i - a ring of resist corrosion (left hand)
 n - a ring of flight (right hand)
Scrolls
 e - a scroll of fear {unknown}
 f - 6 scrolls of identify {unknown}
 j - 2 scrolls of poison {unknown}
 l - a scroll of silence {unknown}
 o - a scroll of revelation {unknown}
 q - a scroll of vulnerability {unknown}
Potions
 b - a potion of magic
 g - a potion of heal wounds {unknown}
 h - a potion of mutation {unknown}
 k - a potion of haste {unknown}
 m - a potion of might {unknown}
 p - 2 potions of brilliance
 r - 2 potions of lignification {unknown}


   Skills:
 + Level 2.7 Fighting
 + Level 2.7 Short Blades
 + Level 2.7 Long Blades
 + Level 2.7 Axes
 + Level 2.7 Maces & Flails
 + Level 2.7 Polearms
 + Level 2.7 Staves
 + Level 2.7 Ranged Weapons
 + Level 2.7 Throwing
 + Level 2.7 Armour
 + Level 5.3 Dodging
 + Level 5.0 Stealth
 + Level 2.7 Shields
 + Level 2.7 Unarmed Combat
 + Level 5.7 Spellcasting
 + Level 3.1 Conjurations
 + Level 2.2 Hexes
 + Level 2.2 Summonings
 + Level 2.2 Necromancy
 + Level 2.2 Translocations
 + Level 2.2 Fire Magic
 + Level 2.2 Ice Magic
 + Level 2.2 Air Magic
 + Level 5.9 Earth Magic
 + Level 2.2 Alchemy
 + Level 3.0 Invocations
 + Level 2.7 Evocations
 + Level 2.4 Shapeshifting


You had 6 spell levels left.
You knew the following spells:

 Your Spells              Type           Power      Damage    Failure   Level
a - Sandblast             Erth           62%        2d14      1%          1
b - Stone Arrow           Conj/Erth      50%        3d10      8%          3
c - Passwall              Erth           31%        N/A       4%          3
d - Brom's Barrelling Bo  Conj/Erth      25%        2d5       26%         4

Your spell library contained the following spells:

 Spells                   Type           Power      Damage    Failure   Level
 Kiss of Death            Conj/Necr      68%        2d10      5%          1
 Apportation              Tloc           30%        N/A       7%          1
 Necrotise                Necr           60%        1d7       7%          1
 Momentum Strike          Conj/Tloc      34%        3d8       9%          2
 Blink                    Tloc           30%        N/A       10%         2
 Cigotuvi's Dreadful Rot  Necr/Alch/Air  30%        N/A       10%         2
 Jinxbite                 Hex            30%        N/A       10%         2
 Lesser Beckoning         Tloc           30%        N/A       10%         2
 Fugue of the Fallen      Necr           15%        N/A       21%         3
 Gell's Gravitas          Tloc           15%        N/A       21%         3
 Teleport Other           Tloc           15%        N/A       21%         3
 Petrify                  Alch/Erth      23%        N/A       30%         4
 Alistair's Intoxication  Alch           10%        N/A       88%         5
 Dispersal                Tloc           7%         N/A       100%        6


Dungeon Overview and Level Annotations

Branches:
Dungeon (5/15)
 Temple: D:4-7

Altars:
Gozag
Kikubaaqudgha
Okawaru
Qazlal
Ru

Shops:
D:3 (

Annotations:
D:3 2 transporters, diceflayer's ghost, amateur DsFi


Innate Abilities, Weirdness & Mutations

You have very sharp teeth.
Your uncanny sense of smell can sniff out nearby items.
Your experience applies equally to all skills.


Message History

You are more poisoned.
You have difficulty breathing.
You feel as though you will be slow longer.
You feel very sick.
Casting: Sandblast (safe; 1% risk of failure)
Confirm with . or Enter, or press ? or * to list all spells.
Aiming: Sandblast (safe; 1% risk of failure)
Press: ? - help, Shift-Dir - straight line, f/p - kobold brigand
Aim: a kobold brigand, wielding a +0 short sword and quivering curare-tipped darts (heavily wounded, 79% to hit)
The blast of sand hits the kobold brigand!
The kobold brigand is severely wounded.
You feel very sick.
The kobold brigand hits you with a +0 short sword.
* * * LOW HITPOINT WARNING * * *
Casting: Sandblast (safe; 1% risk of failure)
Confirm with . or Enter, or press ? or * to list all spells.
Aiming: Passwall (dangerous; 4% risk of failure)
Press: ? - help, Dir - move target, f - you, p - kobold brigand Please select a wall.
Okay, then.
Casting: Passwall (dangerous; 4% risk of failure)
Confirm with . or Enter, or press ? or * to list all spells.
Aiming: Stone Arrow (dangerous; 8% risk of failure)
Press: ? - help, Shift-Dir - straight line, f/p - kobold brigand
Aim: a kobold brigand, wielding a +0 short sword and quivering curare-tipped darts (severely wounded, 60% to hit)
The stone arrow hits the kobold brigand!
You kill the kobold brigand!
Kikubaaqudgha accepts your kill.
* * * LOW HITPOINT WARNING * * *
You feel very sick.
The kobold hits you with a +0 short sword.
* * * LOW HITPOINT WARNING * * *
Your Invocations skill increases to level 3!
It was a potion of brilliance.
You feel clever all of a sudden.
* * * LOW HITPOINT WARNING * * *
You feel sick.
The kobold hits you with a +0 short sword.
You die...
Kikubaaqudgha rasps: "You have failed me!
Welcome... death!"

...###.........#
........##.#.#.#
........##.#.#.###
##...............#
#......##.#.#.###
#.........#.#.#
........#..#.#.# ###
...............###.##
#####...#.......@K..#
#..........###..#
....#....#.###..# ...
#.##........# ...
.....##.## .#
##.........# ∆
......).###
##...#.#.# #.. #.#.#


You could see a kobold.

Vanquished Creatures
  An orc warrior (D:5)
  A phantom (D:4)
  A kobold brigand (D:5)
  2 scorpions (D:4)
  A bombardier beetle (D:4)
  A hound (D:4)
  An orc priest (D:2)
  Terence (D:2)
  4 gnolls (D:2)
  6 adders
  3 dart slugs
  2 ribbon worms
  8 orcs
  9 ball pythons
  5 bats
  3 endoplasms
  4 giant cockroaches
  11 goblins
  10 hobgoblins
  11 jackals (D:1)
  7 kobolds
  10 quokkas
  5 frilled lizards
  7 rats
114 creatures vanquished.

Notes
Turn   | Place    | Note
-------+----------+-------------------------------------------
     0 | D:1      | sking99 the Gnoll Earth Elementalist began the quest for
                  | the Orb.
     0 | D:1      | Reached XP level 1. HP: 13/13 MP: 6/6
   121 | D:1      | Reached XP level 2. HP: 19/19 MP: 4/7
   329 | D:1      | Reached skill level 5 in Spellcasting
   329 | D:1      | Reached XP level 3. HP: 24/25 MP: 1/9
   555 | D:1      | Reached skill level 1 in Invocations
   860 | D:1      | Learned a level 3 spell: Stone Arrow
  1040 | D:1      | Reached skill level 1 in Fighting
  1040 | D:1      | Reached skill level 1 in Short Blades
  1040 | D:1      | Reached skill level 1 in Long Blades
  1040 | D:1      | Reached skill level 1 in Axes
  1040 | D:1      | Reached skill level 1 in Maces & Flails
  1040 | D:1      | Reached skill level 1 in Polearms
  1040 | D:1      | Reached skill level 1 in Staves
  1040 | D:1      | Reached skill level 1 in Ranged Weapons
  1040 | D:1      | Reached skill level 1 in Throwing
  1040 | D:1      | Reached skill level 1 in Armour
  1040 | D:1      | Reached skill level 1 in Shields
  1040 | D:1      | Reached skill level 1 in Unarmed Combat
  1040 | D:1      | Reached skill level 1 in Evocations
  1140 | D:1      | Found a faded altar of an unknown god.
  1711 | D:2      | Reached skill level 1 in Shapeshifting
  1711 | D:2      | Reached XP level 4. HP: 32/32 MP: 8/11
  1711 | D:2      | Noticed Terence
  1715 | D:2      | Killed Terence
  1716 | D:2      | Reached skill level 1 in Hexes
  1716 | D:2      | Reached skill level 1 in Summonings
  1716 | D:2      | Reached skill level 1 in Necromancy
  1716 | D:2      | Reached skill level 1 in Translocations
  1716 | D:2      | Reached skill level 1 in Fire Magic
  1716 | D:2      | Reached skill level 1 in Ice Magic
  1716 | D:2      | Reached skill level 1 in Air Magic
  1716 | D:2      | Reached skill level 1 in Alchemy
  1807 | D:2      | Learned a level 3 spell: Passwall
  1812 | D:2      | Learned a level 4 spell: Brom's Barrelling Boulder
  1930 | D:2      | Reached XP level 5. HP: 37/37 MP: 4/12
  2143 | D:2      | Found an ancient bone altar of Kikubaaqudgha.
  2169 | D:2      | Became a worshipper of Kikubaaqudgha
  3039 | D:3      | You are sucked into a shaft and drop 1 floor!
  3040 | D:4      | Found a stormy altar of Qazlal.
  3040 | D:4      | Found an iron altar of Okawaru.
  3106 | D:3      | Found Lauruss's Antique Weapon Shop.
  3121 | D:3      | Found a transporter.
  3123 | D:3      | Noticed diceflayer's ghost (amateur DsFi)
  3191 | D:3      | Reached XP level 6. HP: 44/44 MP: 9/13
  3248 | D:3      | Found an opulent altar of Gozag.
  3518 | D:3      | Found a transporter.
  3718 | D:4      | Reached skill level 5 in Dodging
  3990 | D:4      | Found a sacrificial altar of Ru.
  4042 | D:4      | Reached * piety under Kikubaaqudgha
  4042 | D:4      | Received a gift from Kikubaaqudgha
  4043 | D:4      | Reached XP level 7. HP: 48/50 MP: 10/15
  4204 | D:4      | Found an ancient bone altar of Kikubaaqudgha.
  4527 | D:5      | Entered Level 5 of the Dungeon
  4670 | D:5      | Reached skill level 5 in Stealth
  4815 | D:5      | Slain by a kobold

Illustrated notes

Levels and vault maps discovered:
D:1:      nzn_arrival_settlement, layout_basic,
          shapermc_ecumenical_altar_ellora, minmay_close_crescents
D:2:      minmay_recursive_quarters, layout_loops_ring, basic_altar,
          uniq_terence
D:3:      layout_basic, mainiacjoe_overflow_catwalk, serial_shops, shop,
          gammafunk_ghost_mausoleum, serial_bayou_crossing
D:4:      wad_woods_stonehenge, layout_cave_pools,
          nicolae_ru_sacrificial_ziggurat, mainiacjoe_overflow_catch_the_wave
D:5:      layout_basic, nicolae_hepliaklqana_hazy_memory, serial_shops,
          nicolae_shop_tiny_real_fake_doors, nicolae_book_shop_shelving

Skill      XL: |  1  2  3  4  5  6  7 |
---------------+----------------------+-----
Conjurations   | 2 3 |  3.1
Spellcasting   | 5 |  5.7
Invocations    | 1 2 3 |  3.0
Fighting       | 1 2 |  2.7
Short Blades   | 1 2 |  2.7
Long Blades    | 1 2 |  2.7
Axes           | 1 2 |  2.7
Maces & Flails | 1 2 |  2.7
Polearms       | 1 2 |  2.7
Staves         | 1 2 |  2.7
Ranged Weapons | 1 2 |  2.7
Throwing       | 1 2 |  2.7
Armour         | 1 2 |  2.7
Shields        | 1 2 |  2.7
Unarmed Combat | 1 2 |  2.7
Evocations     | 1 2 |  2.7
Shapeshifting  | 1 2 |  2.4
Hexes          | 1 2 |  2.2
Summonings     | 1 2 |  2.2
Necromancy     | 1 2 |  2.2
Translocations | 1 2 |  2.2
Fire Magic     | 1 2 |  2.2
Ice Magic      | 1 2 |  2.2
Air Magic      | 1 2 |  2.2
Alchemy        | 1 2 |  2.2
Dodging        | 5 |  5.3
Stealth        | 5 |  5.0
Earth Magic    | |  5.9

Action                     |  1- 3 |  4- 6 |  7- 9 || total
---------------------------+-------+-------+-------++-------
  Melee: Spear             |     5 |       |     6 ||    11
         Bite              |     2 |       |     2 ||     4
   Cast: Sandblast         |    60 |    88 |    24 ||   172
         Stone Arrow       |       |     3 |     8 ||    11
    Use: Potion            |       |       |     1 ||     1
 Armour: Robe              |     9 |    20 |    10 ||    39
  Dodge: Dodged            |    16 |    17 |    22 ||    55
